 Dungeon Crawl Stone Soup version 0.30-b1-2-g02819fbbbe (webtiles) character file.

Game seed: 4372764949289006687

33 EduPerez2003 the Chopper (level 3, -2/33 HPs)
             Began as a Minotaur Berserker on Aug 1, 2023.
             Was a Follower of Trog.
             Killed from afar by Sigmund (9 damage)
             ... with a magic dart
             ... on level 2 of the Dungeon.
             The game lasted 00:13:01 (1022 turns).

EduPerez2003 the Chopper (Minotaur Berserker)       Turns: 1022, Time: 00:13:02

Health: -2/33      AC:  8    Str: 23    XL:     3   Next: 12%
Magic:  2/2        EV:  9    Int:  4    God:    Trog [*.....]
Gold:   66         SH:  0    Dex:  9    Spells: 2/2 levels left

rFire   . . .        a - +0 hand axe
rCold   . . .        (no shield)
rNeg    . . .        l - +0 chain mail
rPois   .            (helmet restricted)
rElec   .            (no cloak)
rCorr   .            (no gloves)
SInv    .            (no boots)
Will    .....        (no amulet) Stlth
                     (no ring)
HPRegen 0.25/turn    (no ring)
MPRegen 0.08/turn

%: no passive effects
@: no status effects
A: horns 2, retaliatory headbutt
a: Renounce Religion, Berserk


You were on level 2 of the Dungeon.
You worshipped Trog.
Trog was aware of your devotion.
You visited 1 branch of the dungeon, and saw 2 of its levels.

You collected 66 gold pieces.

Inventory:

Hand Weapons
 a - a +0 hand axe (weapon)
 f - a +2 dagger of freezing
 g - a +0 dagger of flaming
Missiles
 c - 10 stones (quivered)
 o - 10 poisoned darts
Armour
 l - a +0 chain mail (worn)
Magical Staves
 m - a staff of cold
Scrolls
 b - a scroll of poison {unknown}
 d - a scroll of magic mapping {unknown}
 e - a scroll of silence {unknown}
 i - a scroll of torment {unknown}
 k - a scroll of teleportation {unknown}
 p - a scroll of enchant weapon {unknown}
Potions
 h - a potion of mutation {unknown}
 j - a potion of resistance {unknown}
 n - a potion of cancellation {unknown}


   Skills:
 - Level 3.7 Fighting
 + Level 5.1 Axes
 - Level 2.4 Armour
 - Level 2.2 Dodging


You had 2 spell levels left.
You didn't know any spells.
Your spell library contained the following spells:

 Spells                   Type           Power      Damage    Failure   Level
 Foxfire                  Conj/Fire      0%         2x1d4     98%         1
 Shock                    Conj/Air       0%         1d3       98%         1
 Swiftness                Air            0%         N/A       100%        3
 Airstrike                Air            0%         2d(0-16)  100%        4
 Fireball                 Conj/Fire      0%         3d3       100%        5
 Plasma Beam              Fire/Air       0%         2x1d11    100%        6
 Starburst                Conj/Fire      0%         6d3       100%        6


Dungeon Overview and Level Annotations

Branches:
Dungeon (2/15)

Altars:

Shops:
D:1 ?

Annotations:
D:2 Sigmund


Innate Abilities, Weirdness & Mutations

You have a pair of horns on your head.
You reflexively headbutt those who attack you in melee.


Message History

There is an open door here.
You see here a ball python corpse.
You bump into the rock wall.
You bump into the rock wall.
You're too confused to move!
You feel less confused.
Sigmund hits you from afar with a +0 scythe.
Sigmund points at you and mumbles some strange words.
You are confused.
You bump into the rock wall.
You bump into the rock wall.
You're too confused to move!
Sigmund gestures wildly while chanting.
Sigmund flickers and vanishes!
Deactivating autopickup; reactivate with Ctrl-A.
Something hits you!
You hit something. Something hits you!
You bump into the rock wall.
You feel less confused. Something hits you.
* * * LOW HITPOINT WARNING * * *
There is a strange disturbance nearby!
Something hits you.
* * * LOW HITPOINT WARNING * * *
A magic dart appears from out of thin air!
The magic dart hits you.
* * * LOW HITPOINT WARNING * * *
Unknown command.
A puff of flame appears from out of thin air!
The puff of flame hits you.
* * * LOW HITPOINT WARNING * * *
Sigmund appears from thin air!
Reactivating autopickup.
Sigmund casts a spell at you. You resist with significant effort.
Sigmund is nearby!
Sigmund says, "Don't worry, I'll kill you fast."
Sigmund gestures at you while chanting. The magic dart hits you!
You die...

#.#####.# #.# #.# #.#.....#
#.# #.# #.#.###### #.#
####.##### #.#......# #.#
#........# #.####...#####.#
#........#
#..............####...........
#.......@......#..'...........
#..............#.##...........
#..............@..............
#...........####.######.......
#...........# #.# .......
##...........####.# .....
.#..............#.# ..
.#..............#.####
.#..............#.....#
.#.......††............
.#.....................


You could see Sigmund.

Vanquished Creatures
  A worm (D:2)
  A dart slug (D:2)
  3 ball pythons (D:2)
  3 endoplasms
  2 giant cockroaches
  4 goblins
  3 hobgoblins
  3 quokkas
  2 bats (D:1)
  A kobold (D:2)
  2 rats
25 creatures vanquished.

Notes
Turn   | Place    | Note
-------+----------+-------------------------------------------
     0 | D:1      | EduPerez2003 the Minotaur Berserker began the quest for the
                  | Orb.
     0 | D:1      | Reached XP level 1. HP: 19/19 MP: 0/0
   179 | D:1      | Reached skill level 4 in Axes
   205 | D:1      | Reached XP level 2. HP: 27/27 MP: 1/1
   323 | D:1      | Found Dosurhao's Magic Scroll Boutique.
   386 | D:1      | Found a faded altar of an unknown god.
   874 | D:2      | Reached skill level 5 in Axes
   883 | D:2      | Reached XP level 3. HP: 33/33 MP: 2/2
   976 | D:2      | Noticed Sigmund
  1022 | D:2      | Killed from afar by Sigmund

Illustrated notes

Levels and vault maps discovered:
D:1:      dpeg_arrival_simpleton_a, layout_basic, basic_ecumenical_altar,
          serial_shops, nicolae_shop_trees, chequers_serial_rivers_micro_e
D:2:      layout_basic, uniq_sigmund

Skill      XL: |  1  2 |
---------------+-------+-----
Axes           | 4 5 |  5.1
Fighting       | |  3.7
Armour         | |  2.4
Dodging        | |  2.2

Action                     || total
---------------------------++-------
  Melee: Hand axe          ||    56
         Headbutt          ||    11
  Throw: Stone             ||     1
 Armour: Animal skin       ||     3
         Chain mail        ||    17
  Dodge: Dodged            ||    22
